 Dungeon Crawl Stone Soup version 0.18-a0-1718-g40ea4b6 (webtiles) character file.

92 azaza322 the Skirmisher (level 4, 0/29 HPs)
             Began as a Gargoyle Fighter on Apr 8, 2016.
             Killed from afar by Sigmund (1 damage)
             ... with a wand of flame
             ... on level 2 of the Dungeon.
             The game lasted 00:03:18 (1891 turns).

azaza322 the Skirmisher (Gargoyle Fighter)          Turns: 1891, Time: 00:03:19

Health: 0/29       AC: 11    Str: 21    XL:     4   Next: 60%
Magic:  4/4        EV:  7    Int:  8    God:
Gold:   93         SH:  9    Dex: 12    Spells: 0 memorised, 3 levels left

rFire  . . .     SeeInvis .     a - +0 flail
rCold  . . .     Gourm    +     b - +0 scale mail
rNeg   + . .     Faith    .     c - +0 shield
rPois  ∞         Spirit   .     (no helmet)
rElec  +         Dismiss  .     u - +0 cloak
rCorr  .         Reflect  .     (no gloves)
SustAt .         Harm     .     (no boots)
MR     .....                    k - amulet of the gourmand
Stlth  ..........               (no ring)
                                m - +3 ring of dexterity

@: not resistant to hostile enchantments, extremely unstealthy
A: negative energy resistance 1, electricity resistance, unbreathing,
petrification resistance, rot immunity, AC +3
a: no special abilities


You were on level 2 of the Dungeon.
You were not hungry.

You visited 1 branch of the dungeon, and saw 2 of its levels.

You collected 93 gold pieces.

Inventory:

Hand Weapons
 a - a +0 flail (weapon)
Armour
 b - a +0 scale mail (worn)
 c - a +0 shield (worn)
 u - a +0 cloak (worn)
Jewellery
 k - an amulet of the gourmand (around neck)
 m - a +3 ring of dexterity (left hand)
Scrolls
 h - a scroll of teleportation {unknown}
 l - 2 scrolls of remove curse {unknown}
 t - 2 scrolls of identify {unknown}
Potions
 d - a potion of might
 e - a potion of mutation {unknown}
 g - 2 potions of curing {unknown}
 n - a potion of agility {unknown}
 o - a potion of heal wounds {unknown}
 p - a potion of lignification {unknown}
 q - a potion of brilliance {unknown}
 r - a potion of flight {unknown}
 v - a potion of cancellation {unknown}
Comestibles
 f - a bread ration
 i - 7 fruits
 j - a slice of pizza
 s - a meat ration


   Skills:
 + Level 4.1 Fighting
 + Level 2.9 Maces & Flails
 + Level 4.0 Armour
 + Level 3.9 Shields


You had 3 spell levels left.
You didn't know any spells.

Dungeon Overview and Level Annotations

Branches:
Dungeon (2/15)

Altars:

Annotations:
D:2 Sigmund


Innate Abilities, Weirdness & Mutations

You are resistant to torment.
Your stone body is resilient (AC +3).
You are immune to poison.
You resist negative energy.
You are resistant to electric shocks.
You can survive without breathing.
You are immune to petrification.
You are immune to rotting.


Message History

You miss something.
You hear a zap.
A puff of flame appears from out of thin air!
The puff of flame hits you!
You sock something! Something hits you but does no damage.
You closely miss something. Something hits you but does no damage.
You barely miss something.
You hear some strange, mumbled words.
A magic dart appears from out of thin air!
The magic dart hits you!
You hit something but do no damage.
You hear a zap.
A puff of flame appears from out of thin air!
The puff of flame hits you!
* * * LOW HITPOINT WARNING * * *
You miss something.
You hear a zap.
A puff of flame appears from out of thin air!
The puff of flame hits you!
You die...

#######.# .......#.# #.#
###....# #.# #<#..#########
#.# #......)...... #.#
###.#.######## #.#.#####.#.#
#.#.........#
#.#######?######## #######.#
#.@{......
..†.....#####################
.........(.................<#
#############################


There were no monsters in sight!

Vanquished Creatures
  Crazy Yiuf (D:2)
  An adder (D:2)
  2 oozes (D:1)
  A worm (D:2)
  A giant gecko (D:1)
  6 bats
  3 giant cockroaches (D:1)
  6 goblins
  6 hobgoblins
  2 jackals (D:2)
  4 kobolds
  A giant newt (D:2)
  4 rats
38 creatures vanquished.

Notes
Turn   | Place    | Note
--------------------------------------------------------------
     0 | D:1      | azaza322 the Gargoyle Fighter began the quest for the Orb.
     0 | D:1      | Reached XP level 1. HP: 14/14 MP: 1/1
    18 | D:1      | Reached XP level 2. HP: 17/19 MP: 2/2
   341 | D:1      | Reached XP level 3. HP: 20/23 MP: 3/3
   578 | D:2      | Noticed Sigmund
   597 | D:2      | HP: 1/24 [something/puff of flame (9)]
  1217 | D:2      | Reached XP level 4. HP: 27/29 MP: 4/4
  1721 | D:2      | Noticed Crazy Yiuf
  1726 | D:2      | Killed Crazy Yiuf
  1890 | D:2      | HP: 1/29 [something/wand of flame (9)]
  1891 | D:2      | Killed from afar by Sigmund

Vault maps used:
D:1:      minmay_arrival_five_plusses, hex_medium
D:2:      uniq_crazy_yiuf_cottage, uniq_sigmund

Skill      XL: |  1  2  3  4 |
---------------+-------------+-----
Fighting       | 4 |  4.1
Armour         | 4 |  4.0
Maces & Flails | |  2.9
Shields        | |  3.9

Action                   |  1- 3 |  4- 6 || total
-------------------------+-------+-------++-------
Melee: Flail             |   112 |    22 ||   134
  Eat: Chunk             |       |     3 ||     3
